[Event "Titled Tuesday Blitz May 30 Early 2023"]
[White "Srebrnic, Marko"]
[Black "Pinheiro, Iung Alicio de O."]
[WhiteFideId "14603616"]
[BlackFideId "2104350"]
[WhiteElo "2341"]
[BlackElo "2283"]
[Result "1-0"]
[Round "04"]
[TimeControl "180+2"]
[Date "2023.05.30"]
[WhiteClock "0:00:26"]
[BlackClock "0:00:00"]

1. e4 e5 2. Nc3 Nf6 3. Bc4 Nxe4 4. Qh5 Nd6 5. Qxe5+ Be7 6. Bb3 O-O 7. Nge2 Bf6 8. Qh5 g6 9. Qf3 Nc6 10. d3 Ne5 11. Qf4 Nf5 12. Ne4 Bg7 13. d4 Nc6 14. d5 Ne5 15. d6 cxd6 16. Ng5 d5 17. Bd2 d6 18. O-O-O Be6 19. g4 Ne7 20. Nd4 Qc8 21. h3 N7c6 22. Bc3 a5 23. Nb5 a4 24. Bxd5 a3 25. b3 Bxd5 26. Rxd5 Ne7 27. Rxd6 Qc5 28. Qb4 Qxf2 29. Ne4 Qe3+ 30. Bd2 Qf3 31. Re1 N7c6 32. Qc5 Rac8 33. Qe3 Qg2 34. Rg1 Qf3 35. Re1 Qg2 36. Nf6+ Kh8 37. g5 Nf3 38. Rd1 Nxd2 39. R6xd2 1-0


[Site "https://www.chess.com"]

[Event "Titled Tuesday Blitz May 30 Early 2023"]
[White "koncheto"]
[Black "Arencibia Monduy, Antonio"]
[BlackFideId "3507939"]
[WhiteElo "2599"]
[BlackElo "2414"]
[Result "0-1"]
[Round "04"]
[TimeControl "180+2"]
[Date "2023.05.30"]
[WhiteClock "0:00:02"]
[BlackClock "0:00:25"]

1. d4 Nf6 2. Bg5 d5 3. h4 e6 4. Nd2 Be7 5. Ngf3 Nbd7 6. e3 h6 7. Bf4 c5 8. c4 b6 9. Bd3 Bb7 10. Rc1 cxd4 11. exd4 O-O 12. g4 Nxg4 13. Rg1 f5 14. Qe2 Kf7 15. cxd5 Bxd5 16. Nh2 Ndf6 17. Nxg4 fxg4 18. Rxg4 Nxg4 19. Qxg4 Kg8 20. Bxh6 Bf6 21. Qg6 Rc8 22. Rd1 Bxd4 23. f3 Qxh4+ 24. Ke2 Qf2# 0-1


[Site "https://www.chess.com"]

[Event "Titled Tuesday Blitz May 30 Early 2023"]
[White "Sadykov, Ramil"]
[Black "Gatterer, Florian"]
[WhiteFideId "24113590"]
[BlackFideId "811688"]
[WhiteElo "2245"]
[BlackElo "2221"]
[Result "1-0"]
[Round "04"]
[TimeControl "180+2"]
[Date "2023.05.30"]
[WhiteClock "0:02:04"]
[BlackClock "0:01:13"]

1. e4 c5 2. Nf3 e6 3. c3 d5 4. e5 d4 5. Bd3 g5 6. h3 h5 7. Na3 Nc6 8. Be4 Bg7 9. Bxc6+ bxc6 10. Nc4 g4 11. hxg4 hxg4 12. Rxh8 Bxh8 13. Nh2 Qh4 14. Qxg4 Qxh2 15. Qxg8+ Ke7 16. d3 Qh1+ 17. Ke2 Qh5+ 18. g4 Qg6 19. Bg5+ f6 20. Qxg6 1-0


[Site "https://www.chess.com"]

[Event "Titled Tuesday Blitz May 30 Early 2023"]
[White "Streltsov, Alexey"]
[Black "Estrada Nieto, Julian"]
[WhiteFideId "24104434"]
[BlackFideId "5101018"]
[WhiteElo "2581"]
[BlackElo "2161"]
[Result "1-0"]
[Round "04"]
[TimeControl "180+2"]
[Date "2023.05.30"]
[WhiteClock "0:01:25"]
[BlackClock "0:00:00"]

1. d4 d5 2. Bf4 Nf6 3. e3 c5 4. Nc3 c4 5. e4 e6 6. a3 Be7 7. g3 O-O 8. Bg2 dxe4 9. Nxe4 Nxe4 10. Bxe4 Nd7 11. Qf3 Nf6 12. Bxb7 Bxb7 13. Qxb7 Qxd4 14. Ne2 Qd5 15. Qxd5 Nxd5 16. b4 cxb3 17. cxb3 Rac8 18. O-O Rc2 19. Nd4 Rb2 20. Be5 Bf6 21. Bxf6 gxf6 22. Rfb1 Rd2 23. Rd1 Rxd1+ 24. Rxd1 Nc3 25. Rc1 Nd5 26. Kf1 Rb8 27. b4 f5 28. Rc5 Kf8 29. Nc6 Rb7 30. Na5 Rd7 31. Rc8+ Ke7 32. Nc6+ Kf6 33. Ra8 Rc7 34. b5 1-0


[Site "https://www.chess.com"]

[Event "Titled Tuesday Blitz May 30 Early 2023"]
[White "ChawitAp"]
[Black "Do Nascimento,Christian Almeida"]
[BlackFideId "2143801"]
[WhiteElo "2403"]
[BlackElo "2118"]
[Result "1-0"]
[Round "04"]
[TimeControl "180+2"]
[Date "2023.05.30"]
[WhiteClock "0:00:35"]
[BlackClock "0:00:02"]

1. d4 c5 2. c3 Nf6 3. Nf3 g6 4. Bf4 cxd4 5. cxd4 Bg7 6. Nbd2 O-O 7. e3 d5 8. Be2 Nc6 9. O-O Bf5 10. a3 Rc8 11. Rc1 Qb6 12. b4 Ne4 13. Nxe4 Bxe4 14. Qb3 Rfd8 15. Nd2 Bf5 16. Bf3 Be6 17. Rc5 Nb8 18. Rfc1 Rxc5 19. Rxc5 Nd7 20. Rc3 Qa6 21. Bxd5 Nf8 22. Bc4 Bxc4 23. Qxc4 Qa4 24. Qb3 Qd7 25. Rc7 Qe8 26. Rxb7 e5 27. Bg5 Rc8 28. Re7 Rc1+ 29. Nf1 Rxf1+ 30. Kxf1 Qb5+ 31. Ke1 Ne6 32. Rxe6 fxe6 33. Qxe6+ Kf8 34. Be7+ Ke8 35. Bf6+ Kf8 36. Qe7+ 1-0


[Site "https://www.chess.com"]

[Event "Titled Tuesday Blitz May 30 Early 2023"]
[White "Gontcharov, Vladislav"]
[Black "Dwilewicz, Katarzyna"]
[WhiteFideId "4123492"]
[BlackFideId "1148486"]
[WhiteElo "2420"]
[BlackElo "2065"]
[Result "1-0"]
[Round "04"]
[TimeControl "180+2"]
[Date "2023.05.30"]
[WhiteClock "0:00:28"]
[BlackClock "0:00:01"]

1. d4 Nf6 2. c4 g6 3. Nc3 Bg7 4. Nf3 O-O 5. Bg5 h6 6. Bh4 d6 7. e3 Bf5 8. Be2 Nbd7 9. Nd2 g5 10. Bg3 c5 11. d5 Ne5 12. e4 Bg6 13. h4 g4 14. Bxe5 dxe5 15. Bxg4 Nxg4 16. Qxg4 h5 17. Qg3 Kh7 18. O-O-O Rg8 19. Qe3 Rc8 20. f3 Bh6 21. Qe2 Qa5 22. Kb1 a6 23. g4 Rb8 24. g5 Bg7 25. Rc1 b5 26. Nd1 Rb6 27. cxb5 Rxb5 28. Nc4 Qc7 29. Nde3 Rgb8 30. Rhd1 Qb7 31. Rc2 a5 32. d6 a4 33. Nd5 e6 34. Nc3 Rb4 35. a3 Rb3 36. Nxa4 Qa6 37. Nxc5 Rxb2+ 38. Nxb2 Qxa3 39. d7 Ra8 40. Kc1 Qa1+ 41. Kd2 Qa5+ 42. Ke3 Qxc5+ 43. Rxc5 1-0


[Site "https://www.chess.com"]

[Event "Titled Tuesday Blitz May 30 Early 2023"]
[White "ArrestingPieces"]
[Black "Novikova, Galina"]
[BlackFideId "4157095"]
[WhiteElo "2542"]
[BlackElo "1953"]
[Result "0-1"]
[Round "04"]
[TimeControl "180+2"]
[Date "2023.05.30"]
[WhiteClock "0:00:12"]
[BlackClock "0:00:51"]

1. d4 e6 2. Nf3 f5 3. Nc3 Nf6 4. g3 Be7 5. Bg2 d6 6. O-O O-O 7. Re1 Ne4 8. Nd2 Nxc3 9. bxc3 Nd7 10. e4 e5 11. exf5 Rxf5 12. Be4 Rf8 13. Nc4 Nf6 14. Bg2 e4 15. d5 Bf5 16. Bg5 h6 17. Bf4 Qd7 18. Ne3 Bh3 19. Nf1 Bxg2 20. Kxg2 Rae8 21. Qd4 Qg4 22. Ne3 Qg6 23. Nf1 Bd8 24. Nd2 Nh5 25. Be3 Bf6 26. Qc4 Re7 27. Bd4 Bxd4 28. Qxd4 Ref7 29. Nxe4 Nf4+ 30. Kf1 Nh3 31. f4 Nxf4 32. gxf4 Rxf4+ 33. Ke2 Rxe4+ 34. Kd2 Rxd4+ 35. cxd4 Rf2+ 36. Kc3 0-1


[Site "https://www.chess.com"]

[Event "Titled Tuesday Blitz May 30 Early 2023"]
[White "Rodrigues Mota, Romulo Cardoso S"]
[Black "hakanazeri2"]
[WhiteFideId "2187442"]
[WhiteElo "1936"]
[BlackElo "2527"]
[Result "0-1"]
[Round "04"]
[TimeControl "180+2"]
[Date "2023.05.30"]
[WhiteClock "0:00:00"]
[BlackClock "0:00:06"]

1. e4 c5 2. Nf3 d6 3. d4 cxd4 4. Nxd4 Nf6 5. Nc3 a6 6. f3 e5 7. Nb3 Be7 8. Be3 Be6 9. Qd2 Nbd7 10. O-O-O b5 11. Qf2 Rc8 12. Kb1 h5 13. Nd5 Bxd5 14. exd5 Qc7 15. c3 Rb8 16. Rg1 a5 17. g4 a4 18. Nc1 b4 19. c4 g6 20. g5 Nh7 21. h4 b3 22. a3 O-O 23. f4 exf4 24. Bxf4 Nc5 25. Nd3 Nxd3 26. Bxd3 Rfe8 27. Rc1 Rbc8 28. c5 Qa7 29. Bb5 Red8 30. Be3 dxc5 31. Rgf1 Bd6 32. Bc4 Re8 33. Bf4 Rcd8 34. Bxd6 Rxd6 35. Qf4 Qe7 36. Qf2 Qe4+ 37. Ka1 Qe7 38. Rfe1 Qd7 39. Rxe8+ Qxe8 40. Re1 Qc8 41. Qe3 Nf8 42. Qe5 Qc7 43. Rf1 Rd7 44. Rf6 Qxe5 0-1


[Site "https://www.chess.com"]

[Event "Titled Tuesday Blitz May 30 Early 2023"]
[White "Sadovsky, Artem"]
[Black "Rangel, Daniel"]
[WhiteFideId "4155840"]
[BlackFideId "2124475"]
[WhiteElo "2314"]
[BlackElo "2256"]
[Result "1-0"]
[Round "04"]
[TimeControl "180+2"]
[Date "2023.05.30"]
[WhiteClock "0:00:21"]
[BlackClock "0:00:02"]

1. Nf3 Nf6 2. e3 g6 3. c4 Bg7 4. b3 O-O 5. Bb2 b6 6. Be2 c5 7. O-O d5 8. cxd5 Qxd5 9. Ne5 Bb7 10. Bf3 Ne4 11. d3 Bxe5 12. Bxe4 Qe6 13. Bxe5 Bxe4 14. Bxb8 Rd8 15. Bg3 Qc6 16. Qg4 Bxg2 17. Re1 Bh1 18. e4 f5 19. Qe2 fxe4 20. dxe4 Rd4 21. Kxh1 Rad8 22. Nc3 Rd2 23. Qf3 R8d3 24. Re3 Rxe3 25. Qxe3 Qd7 26. Re1 Rd3 27. Qc1 Qg4 28. Nd5 Qf3+ 29. Kg1 e6 30. Nf4 Rd7 31. Qe3 Qg4 32. h3 Qg5 33. Nxe6 Qe7 34. Ng5 h6 35. Nf3 g5 36. e5 b5 37. e6 Rd5 38. Ne5 Qxe6 39. Ng4 Qxe3 40. Rxe3 Rd1+ 41. Kg2 Ra1 42. Nxh6+ Kh7 43. Ng4 Rxa2 44. Re5 c4 45. Rxb5 c3 46. Rxg5 c2 47. Rc5 Rb2 48. Ne3 c1=Q 49. Rxc1 Rxb3 50. Rc7+ Kg6 51. Rxa7 Rb5 52. Ra6+ Kh5 53. Ra4 Rb7 54. Rg4 Rf7 55. Bf4 Re7 56. Nf5 Rg7 57. Nxg7# 1-0


[Site "https://www.chess.com"]

[Event "Titled Tuesday Blitz May 30 Early 2023"]
[White "Shtompel, Yuriy"]
[Black "Chylewski, Patryk"]
[WhiteFideId "14168278"]
[BlackFideId "1186191"]
[WhiteElo "1844"]
[BlackElo "2163"]
[Result "0-1"]
[Round "04"]
[TimeControl "180+2"]
[Date "2023.05.30"]
[WhiteClock "0:00:02"]
[BlackClock "0:00:04"]

1. Nf3 d5 2. g3 c6 3. Bg2 Nf6 4. O-O Bg4 5. d3 Nbd7 6. Nbd2 e5 7. h3 Bh5 8. e4 Bd6 9. Re1 O-O 10. c3 Re8 11. Qe2 Qc7 12. g4 Bg6 13. Nh4 dxe4 14. dxe4 Nc5 15. Nf5 Bf8 16. Nf1 Ne6 17. N1g3 Nf4 18. Qf3 Rad8 19. Bf1 Bc5 20. Be3 Bxe3 21. fxe3 Nd3 22. Re2 Nc5 23. b4 Ne6 24. h4 a5 25. g5 Nd7 26. Rf2 axb4 27. cxb4 c5 28. b5 c4 29. Rc1 c3 30. Rfc2 Qa5 31. Rxc3 Qxa2 32. Qg4 Nef8 33. R3c2 Qb3 34. Bc4 Qb4 35. h5 Bxf5 36. Qxf5 Ne6 37. Rf1 Qe7 38. Rcf2 Nxg5 39. Bxf7+ Nxf7 40. Qxf7+ Qxf7 41. Rxf7 Rf8 42. Rxf8+ Nxf8 43. Rc1 Ne6 44. Nf5 g6 45. hxg6 hxg6 46. Ne7+ Kf7 47. Nd5 Rd7 48. b6 Ng5 49. Rc7 Ke6 50. Rc8 Nxe4 51. Nc7+ Kd6 52. Rg8 g5 53. Rg6+ Kc5 54. Kg2 Rf7 55. Ne6+ Kb5 56. Nxg5 Nxg5 57. Rxg5 Re7 58. Rg6 Rf7 59. Kg3 e4 60. Re6 Rf3+ 61. Kg2 Rxe3 62. Kf2 Rf3+ 63. Ke2 Rf4 64. Ke3 Rh4 65. Rxe4 Rxe4+ 66. Kxe4 Kxb6 67. Kd3 Kb5 68. Kc2 Kb4 69. Kb2 b5 70. Ka2 Kc3 71. Kb1 Kb3 72. Kc1 Ka2 0-1


[Site "https://www.chess.com"]

[Event "Titled Tuesday Blitz May 30 Early 2023"]
[White "Urbina Perez, Juan Antonio"]
[Black "Ozates, Tuna"]
[WhiteFideId "2217368"]
[BlackFideId "6354521"]
[WhiteElo "2197"]
[BlackElo "2151"]
[Result "0-1"]
[Round "04"]
[TimeControl "180+2"]
[Date "2023.05.30"]
[WhiteClock "0:00:24"]
[BlackClock "0:00:57"]

1. d4 g6 2. Nf3 Bg7 3. e4 d6 4. Bd3 Nc6 5. d5 Nb4 6. Be2 Nf6 7. c3 Na6 8. Bxa6 bxa6 9. Qe2 O-O 10. O-O e6 11. c4 Re8 12. Qd3 exd5 13. exd5 Bf5 14. Qd1 Rb8 15. Nc3 Ne4 16. Nxe4 Rxe4 17. Nd2 Rd4 18. Re1 a5 19. Qa4 Rd3 20. Qxa5 Bxb2 21. Bxb2 Rxb2 22. Nf1 Qh4 23. Ng3 Qd4 24. Rf1 Rdd2 25. Qxc7 Rxf2 26. Qd8+ Kg7 27. Nxf5+ Rxf5+ 28. Kh1 Rbf2 29. Rg1 Qxa1 0-1


[Site "https://www.chess.com"]

[Event "Titled Tuesday Blitz May 30 Early 2023"]
[White "Topalov, Aleksandar"]
[Black "Ginzburg, Yakov"]
[WhiteFideId "925659"]
[BlackFideId "4157176"]
[WhiteElo "2151"]
[BlackElo "2305"]
[Result "1/2-1/2"]
[Round "04"]
[TimeControl "180+2"]
[Date "2023.05.30"]
[WhiteClock "0:00:09"]
[BlackClock "0:00:07"]

1. b3 d5 2. Bb2 f6 3. d4 Bf5 4. Nf3 e6 5. g3 Bd6 6. Bg2 Ne7 7. O-O O-O 8. Nbd2 Nd7 9. c4 c6 10. Re1 e5 11. e4 dxe4 12. Nxe4 Bxe4 13. Rxe4 f5 14. Re1 e4 15. Ng5 Qc8 16. d5 Be5 17. Ne6 Rf6 18. Bxe5 Nxe5 19. Qd4 N7g6 20. Rad1 cxd5 21. cxd5 Qd7 22. Nc5 Qf7 23. h4 h5 24. Ne6 Rxe6 25. dxe6 Qxe6 26. Qd5 Qxd5 27. Rxd5 Nd3 28. Rd1 Rf8 29. Bf1 Nge5 30. Bxd3 Nxd3 31. R1xd3 exd3 32. Rxd3 Rf7 33. Rd8+ Kh7 34. Kg2 Re7 35. Kf3 Kg6 36. Rd6+ Kf7 37. Kf4 Re2 38. f3 Rxa2 39. Rd7+ Kf6 40. Rxb7 Rb2 41. Rxa7 Rxb3 42. Ra6+ Kf7 43. Ra5 g6 44. Ra7+ Kf6 45. Ra6+ Kf7 46. Rd6 Ra3 47. Rd2 Rb3 48. Rc2 Ra3 49. Rc7+ Kf6 50. Rc6+ Kf7 51. Rc7+ Kf6 52. Rc6+ Kf7 53. Rc7+ 1/2-1/2


[Site "https://www.chess.com"]

[Event "Titled Tuesday Blitz May 30 Early 2023"]
[White "Koridze, Lile"]
[Black "Jaskolka, Tomasz"]
[WhiteFideId "13612514"]
[BlackFideId "1170791"]
[WhiteElo "2047"]
[BlackElo "2155"]
[Result "0-1"]
[Round "04"]
[TimeControl "180+2"]
[Date "2023.05.30"]
[WhiteClock "0:01:23"]
[BlackClock "0:01:43"]

1. d4 d5 2. c4 Bf5 3. Nc3 e6 4. Nf3 c6 5. e3 Nd7 6. Bd3 Bg6 7. O-O Ngf6 8. Qe2 Ne4 9. Nd2 Nxc3 10. bxc3 Bd6 11. h3 Nf6 12. cxd5 exd5 13. e4 dxe4 14. Nxe4 Nxe4 15. Bxe4 O-O 16. Bxg6 hxg6 17. Qf3 Bc7 18. Ba3 Re8 19. Rab1 Rb8 20. Rfe1 Ba5 21. Rxe8+ Qxe8 22. Bd6 Rd8 23. Be5 Qd7 24. Bf4 b5 25. Re1 Qd5 26. Qe3 Qxa2 27. Qe7 Qd5 28. Qxa7 Bxc3 29. Re7 Bxd4 30. Qc7 Ra8 31. Be3 Bxe3 32. Rxe3 Rd8 33. Rc3 Qd1+ 34. Kh2 Qd6+ 0-1


[Site "https://www.chess.com"]

[Event "Titled Tuesday Blitz May 30 Early 2023"]
[White "Devaev, Alexander"]
[Black "Silvestre, Christian"]
[WhiteFideId "4169395"]
[BlackFideId "30956269"]
[WhiteElo "2172"]
[BlackElo "2363"]
[Result "1-0"]
[Round "04"]
[TimeControl "180+2"]
[Date "2023.05.30"]
[WhiteClock "0:00:23"]
[BlackClock "0:00:33"]

1. Nf3 d6 2. d4 g6 3. c4 Bg7 4. Nc3 c6 5. e4 Bg4 6. Be2 Qb6 7. Ng1 Bc8 8. d5 Nd7 9. Nf3 Nc5 10. Qc2 Bg4 11. Be3 Bxf3 12. Bxf3 Qc7 13. O-O Nd7 14. Rad1 c5 15. a3 a6 16. Be2 Ngf6 17. Kh1 O-O 18. f4 Rab8 19. Rfe1 Rfe8 20. Bf2 Qa5 21. Bg3 Qc7 22. Bf3 e5 23. dxe6 Rxe6 24. h3 Rbe8 25. Kh2 R6e7 26. Rd2 Nb6 27. b3 Nc8 28. Bh4 Rd7 29. Bxf6 Bxf6 30. Nd5 Qd8 31. Bg4 Bd4 32. Bxd7 Qxd7 33. Rxd4 1-0


[Site "https://www.chess.com"]

[Event "Titled Tuesday Blitz May 30 Early 2023"]
[White "Goswami, Vedant"]
[Black "Jegorovas, Aleksandras"]
[WhiteFideId "5003725"]
[BlackFideId "12801950"]
[WhiteElo "2011"]
[BlackElo "2247"]
[Result "1-0"]
[Round "04"]
[TimeControl "180+2"]
[Date "2023.05.30"]
[WhiteClock "0:00:51"]
[BlackClock "0:01:02"]

1. d4 e6 2. Nf3 Nf6 3. Bg5 Be7 4. Nbd2 d5 5. e3 O-O 6. Bd3 c5 7. c3 Nc6 8. h4 cxd4 9. exd4 Nd7 10. Qc2 h6 11. Bf4 Bf6 12. g4 e5 13. dxe5 Ndxe5 14. g5 Nxd3+ 15. Qxd3 Re8+ 16. Kf1 Be5 17. Bxe5 Nxe5 18. Nxe5 Rxe5 19. gxh6 g6 20. Nf3 Bf5 21. Qd4 1-0


[Site "https://www.chess.com"]

[Event "Titled Tuesday Blitz May 30 Early 2023"]
[White "Goffredo_Fofi"]
[Black "Manon-og, Ramon Jr."]
[BlackFideId "5200776"]
[WhiteElo "2506"]
[BlackElo "2346"]
[Result "1-0"]
[Round "04"]
[TimeControl "180+2"]
[Date "2023.05.30"]
[WhiteClock "0:01:15"]
[BlackClock "0:01:22"]

1. d4 Nf6 2. Nf3 g6 3. c4 d5 4. cxd5 Nxd5 5. e4 Nb6 6. Nc3 Bg7 7. h3 O-O 8. Be2 N8d7 9. O-O c5 10. d5 Ne5 11. Nxe5 Bxe5 12. Be3 Nd7 13. f4 Bg7 14. a4 b6 15. e5 Bb7 16. Bc4 a6 17. Qe2 Kh8 18. Rad1 f6 19. e6 Nb8 20. f5 gxf5 21. Rxf5 Rg8 22. Rh5 Qe8 23. Bd3 h6 24. Bxh6 Bxh6 25. Rxh6+ Kg7 26. Rh7+ Kf8 27. Rf7+ Qxf7 28. exf7 Kxf7 29. Qe6+ Kf8 30. Rf1 b5 31. Be4 b4 32. d6 1-0


[Site "https://www.chess.com"]

[Event "Titled Tuesday Blitz May 30 Early 2023"]
[White "Sarkar, Justin"]
[Black "Garakov, Mikhael"]
[WhiteFideId "2010011"]
[BlackFideId "4169034"]
[WhiteElo "2168"]
[BlackElo "2347"]
[Result "0-1"]
[Round "04"]
[TimeControl "180+2"]
[Date "2023.05.30"]
[WhiteClock "0:00:00"]
[BlackClock "0:00:14"]

1. d4 c5 2. d5 g6 3. Nf3 Bg7 4. Nc3 d6 5. e4 Nf6 6. Be2 O-O 7. O-O Na6 8. Bxa6 bxa6 9. Nd2 a5 10. Re1 Ba6 11. a4 Rb8 12. Ndb1 Nd7 13. Na3 Bxc3 14. bxc3 Nb6 15. Bh6 Re8 16. Qd2 Nxa4 17. c4 Rb4 18. e5 dxe5 19. Rxe5 Qd6 20. Rae1 Bxc4 21. Nxc4 Rxc4 22. Qxa5 Nc3 23. Qxa7 Nxd5 24. h3 Rxc2 25. Qa4 Rc8 26. Qxc2 c4 27. Qe4 e6 28. Rxd5 Qxd5 29. Qxd5 exd5 30. Be3 c3 31. Bd4 c2 32. Rc1 Rc4 33. Bf6 d4 34. Kf1 d3 35. Ke1 Rc6 36. Bb2 Rb6 37. Bd4 Rd6 38. Be3 f6 39. Kd2 Kf7 40. Ra1 Ke6 41. Ra3 Rc6 0-1


[Site "https://www.chess.com"]

[Event "Titled Tuesday Blitz May 30 Early 2023"]
[White "Szente Varga, Fruzsina"]
[Black "Yurasova, Daria"]
[WhiteFideId "712264"]
[BlackFideId "34146919"]
[WhiteElo "1994"]
[BlackElo "2109"]
[Result "1-0"]
[Round "04"]
[TimeControl "180+2"]
[Date "2023.05.30"]
[WhiteClock "0:00:15"]
[BlackClock "0:00:02"]

1. e4 e5 2. d4 exd4 3. Qxd4 Nc6 4. Qe3 b6 5. Bd2 Bc5 6. Qg3 Qf6 7. Nc3 Bd6 8. f4 Bb4 9. O-O-O Nge7 10. Nf3 Bb7 11. Nb5 Bxd2+ 12. Rxd2 O-O-O 13. Bd3 a6 14. Nc3 Nb4 15. Bc4 d5 16. exd5 Nexd5 17. Nxd5 Nxd5 18. Ne5 Qxf4 19. Bxd5 Qxd2+ 20. Kxd2 Rxd5+ 21. Kc1 f6 22. Qxg7 Rhd8 23. Qxf6 R5d6 24. Qf5+ Kb8 25. Nd3 Bxg2 26. Rg1 Bc6 27. Rg7 Bb5 28. Rg3 h6 29. b3 Bd7 30. Qh7 Bc6 31. Ne5 Bb7 32. Rg8 Rc8 33. Rxc8+ Bxc8 34. Nc4 Re6 35. Qf7 Re1+ 36. Kb2 Re6 37. h4 a5 38. h5 Rc6 39. Ne5 Rc5 40. Nd3 Rg5 41. Nf4 Rf5 42. Qc4 Bb7 43. Ne6 Rf7 44. Nc5 Rf5 45. Nxb7 Kxb7 46. Qe4+ 1-0


[Site "https://www.chess.com"]

[Event "Titled Tuesday Blitz May 30 Early 2023"]
[White "Janaszak, Dawid"]
[Black "Korpics, Zsolt"]
[WhiteFideId "1119206"]
[BlackFideId "705241"]
[WhiteElo "2220"]
[BlackElo "2337"]
[Result "0-1"]
[Round "04"]
[TimeControl "180+2"]
[Date "2023.05.30"]
[WhiteClock "0:00:00"]
[BlackClock "0:00:08"]

1. e4 c5 2. Nf3 e6 3. b4 b6 4. bxc5 bxc5 5. Nc3 Nc6 6. Bc4 Na5 7. Bb5 a6 8. Be2 Bb7 9. O-O d6 10. d4 cxd4 11. Nxd4 Nf6 12. Bf3 Be7 13. Rb1 Rb8 14. Nb3 Nc4 15. Re1 O-O 16. Bf4 h6 17. Nd2 Ne5 18. Bxe5 dxe5 19. Nc4 Qc7 20. Be2 Nxe4 21. Nxe4 Bxe4 22. Bf1 f5 23. f3 Bd5 24. Nxe5 Bxa2 25. Ra1 Bd5 26. Rxa6 Bd6 27. f4 Rb6 28. Rxb6 Qxb6+ 29. Kh1 Qf2 30. Nd3 Qd4 31. Qe2 Be4 32. h3 Rc8 33. Kh2 Bxd3 34. Qxd3 Qxf4+ 35. g3 Qf2+ 36. Bg2 Rxc2 37. Rg1 Bc5 38. Qd8+ Kh7 0-1


[Site "https://www.chess.com"]

[Event "Titled Tuesday Blitz May 30 Early 2023"]
[White "Martinez, Shawn"]
[Black "cristianserban1"]
[WhiteFideId "2039770"]
[WhiteElo "2174"]
[BlackElo "2501"]
[Result "0-1"]
[Round "04"]
[TimeControl "180+2"]
[Date "2023.05.30"]
[WhiteClock "0:00:03"]
[BlackClock "0:00:15"]

1. e4 g6 2. d4 Bg7 3. Nc3 a6 4. Bg5 c6 5. Qd2 d5 6. e5 h6 7. Be3 h5 8. O-O-O Nh6 9. Bg5 Nf5 10. f3 Qc7 11. g4 hxg4 12. fxg4 Nh6 13. h3 Nxg4 14. Nf3 Nh6 15. Bd3 Bf5 16. Kb1 e6 17. h4 Bxd3 18. Qxd3 Nf5 19. Nh2 Nd7 20. Ng4 c5 21. Nf6+ Bxf6 22. exf6 cxd4 23. Ne2 O-O-O 24. Nxd4 Nxd4 25. Qxd4 Qc5 26. Qg4 Kb8 27. Rh3 Rc8 28. Rc1 Qc4 29. Qg1 Ka8 30. Rb3 Nc5 31. Rc3 Qb5 32. Qd4 Ne4 33. Rb3 Qc5 34. Qa4 Qc4 35. Rb4 Qc6 36. Qa5 Nxg5 37. hxg5 Rh2 38. Rb6 Qxc2+ 39. Rxc2 Rh1+ 0-1


[Site "https://www.chess.com"]

[Event "Titled Tuesday Blitz May 30 Early 2023"]
[White "Campos, Maria Jose"]
[Black "Olenik Campa, Rudi"]
[WhiteFideId "146803"]
[BlackFideId "14633264"]
[WhiteElo "2170"]
[BlackElo "2249"]
[Result "0-1"]
[Round "04"]
[TimeControl "180+2"]
[Date "2023.05.30"]
[WhiteClock "0:02:05"]
[BlackClock "0:02:22"]

1. c4 g6 2. g3 Bg7 3. Bg2 e5 4. Nc3 Ne7 5. e4 O-O 6. Nge2 c6 7. O-O d6 8. d3 f5 9. exf5 Bxf5 10. Bg5 h6 11. Be3 Nd7 12. Qd2 Kh7 13. Rae1 Nf6 14. h3 Qd7 15. Kh2 d5 16. cxd5 cxd5 17. Bc5 Nc6 18. f4 Rfe8 19. fxe5 Nxe5 20. Nf4 d4 21. Ncd5 Nxd5 22. Nxd5 Bxh3 23. Nf6+ Bxf6 24. Bxh3 Qc6 25. Bg2 Qxc5 26. Rxf6 Ng4+ 0-1


[Site "https://www.chess.com"]

[Event "Titled Tuesday Blitz May 30 Early 2023"]
[White "Toncheva, Nadya"]
[Black "Avalos Parra, Joao"]
[WhiteFideId "2924056"]
[BlackFideId "3402541"]
[WhiteElo "2101"]
[BlackElo "2173"]
[Result "0-1"]
[Round "04"]
[TimeControl "180+2"]
[Date "2023.05.30"]
[WhiteClock "0:00:01"]
[BlackClock "0:00:34"]

1. d4 d5 2. c4 e6 3. Nc3 Nf6 4. cxd5 exd5 5. Bg5 c6 6. e3 h6 7. Bh4 Be7 8. Bd3 O-O 9. Qc2 Re8 10. Nf3 Ne4 11. Bxe7 Qxe7 12. Ne5 Nxc3 13. bxc3 Nd7 14. f4 Nxe5 15. fxe5 f6 16. O-O fxe5 17. Bh7+ Kh8 18. Bg6 Rd8 19. Rf7 Qg5 20. Raf1 Be6 21. Rxb7 e4 22. Bf7 Rf8 23. Qf2 Bxf7 24. Rxf7 Rxf7 25. Qxf7 Qxe3+ 26. Kh1 Qxc3 27. Qb7 Rg8 28. Qxa7 e3 29. Qe7 Qxd4 30. h3 Qd3 31. Re1 d4 32. a4 Qd2 33. Rb1 e2 34. Kh2 Qf4+ 35. Kg1 d3 36. a5 d2 37. Qxe2 Qd4+ 38. Kh1 Rd8 39. Rd1 c5 40. a6 c4 41. a7 c3 42. Qf3 c2 43. Rf1 d1=Q 44. a8=Q Qxf1+ 45. Qxf1 Rxa8 46. Kh2 Qd6+ 47. g3 Qd2+ 0-1


[Site "https://www.chess.com"]

[Event "Titled Tuesday Blitz May 30 Early 2023"]
[White "Liu, Casper"]
[Black "Fajdetic, Hrvoje"]
[WhiteFideId "1454153"]
[BlackFideId "14501945"]
[WhiteElo "2221"]
[BlackElo "2185"]
[Result "1-0"]
[Round "04"]
[TimeControl "180+2"]
[Date "2023.05.30"]
[WhiteClock "0:02:37"]
[BlackClock "0:00:00"]

1. e4 e6 2. Nc3 d5 3. Nf3 dxe4 4. Nxe4 Nd7 5. d4 Ngf6 6. Bd3 Nxe4 7. Bxe4 Nf6 8. Bd3 c5 9. c3 cxd4 10. Nxd4 Qc7 11. O-O Bd7 12. Nb5 Qe5 13. Re1 Qb8 14. Qf3 a6 15. Bf4 axb5 16. Bxb8 Rxb8 17. Qe2 Be7 18. Bxb5 O-O 19. Red1 Bc6 20. Bxc6 bxc6 21. b4 Nd5 22. Qc4 Bf6 23. Rd3 Nxb4 24. Rg3 Nc2 25. Rd1 Rfd8 26. Rxd8+ Rxd8 27. h4 Rd1+ 28. Kh2 Be5 29. f4 Bf6 30. Qe2 1-0


[Site "https://www.chess.com"]

[Event "Titled Tuesday Blitz May 30 Early 2023"]
[White "Tanmay Jain"]
[Black "Rose, Felix"]
[WhiteFideId "45015481"]
[BlackFideId "5105722"]
[WhiteElo "2032"]
[BlackElo "2039"]
[Result "1-0"]
[Round "04"]
[TimeControl "180+2"]
[Date "2023.05.30"]
[WhiteClock "0:01:11"]
[BlackClock "0:00:00"]

1. e4 e5 2. Nf3 Nc6 3. g3 Nf6 4. Nc3 d5 5. exd5 Nxd5 6. Bg2 Be6 7. O-O Be7 8. d3 O-O 9. Re1 Nxc3 10. bxc3 Qd6 11. a4 f6 12. d4 Bg4 13. Ba3 Qd8 14. Bxe7 Qxe7 15. dxe5 Nxe5 16. Qd5+ Qf7 17. Nxe5 fxe5 18. Rxe5 c6 19. Qxf7+ Rxf7 20. h3 Bf5 21. Rae1 Bxc2 22. a5 a6 23. h4 Raf8 24. R1e2 Bd3 25. Rd2 Bc4 26. f4 g6 27. Bh3 Kg7 28. Rd4 Bd5 29. c4 Bf3 30. Rd3 Bh5 31. g4 Rxf4 32. gxh5 Rxh4 33. hxg6 Rxc4 34. gxh7 Kxh7 35. Re7+ Kg6 36. Rxb7 Rc1+ 37. Kh2 Rf2+ 38. Kg3 Ra2 39. Re7 Rxa5 40. Re6+ Kf7 41. Rd7+ Kf8 42. Rf6+ Ke8 43. Rff7 Rc3+ 44. Kh4 1-0


[Site "https://www.chess.com"]

[Event "Titled Tuesday Blitz May 30 Early 2023"]
[White "Ardila, Oscar Humberto"]
[Black "Lorenzo De La Riva, Lazaro"]
[WhiteFideId "4404742"]
[BlackFideId "2268809"]
[WhiteElo "1918"]
[BlackElo "2294"]
[Result "0-1"]
[Round "04"]
[TimeControl "180+2"]
[Date "2023.05.30"]
[WhiteClock "0:01:02"]
[BlackClock "0:01:22"]

1. d4 Nf6 2. c4 e5 3. dxe5 Ng4 4. Nf3 Bc5 5. e3 Nc6 6. Be2 O-O 7. O-O Re8 8. Nbd2 Ngxe5 9. Nxe5 Nxe5 10. Nf3 a5 11. Bd2 d6 12. Nxe5 dxe5 13. Bc3 Qe7 14. Bf3 c6 15. e4 Be6 16. Qe2 f6 17. Rfd1 a4 18. Rd2 Qf7 19. b3 axb3 20. axb3 Rxa1+ 21. Bxa1 Ra8 22. Ra2 Rb8 23. h3 b5 24. cxb5 cxb5 25. Rc2 Bf8 26. Bg4 Bxb3 27. Rd2 Bc4 28. Rd7 Bxe2 29. Rxf7 Kxf7 30. Bxe2 Bc5 31. Kf1 Bd4 32. Bxd4 exd4 33. Ke1 Ke6 34. Kd2 Kd6 35. Kc2 Kc5 36. Kb3 Rd8 37. Bd3 Ra8 38. Kb2 b4 39. f4 Ra3 40. Bc2 Re3 41. Kb1 d3 42. Bb3 Rxe4 0-1


[Site "https://www.chess.com"]